 Dungeon Crawl Stone Soup version 0.25-a0-403-g49d089a364 (webtiles) character file.

Game seed: 17299727092420156672, levelgen mode: deterministic

128760 DerDa the Thaumaturge (level 17, -18/108 HPs)
             Began as an Octopode Fire Elementalist on Jan 9, 2020.
             Was an Elder of Sif Muna.
             Demolished by a kraken (40 damage)
             ... on level 3 of the Shoals.
             The game lasted 02:44:45 (33619 turns).

DerDa the Thaumaturge (Octopode Fire Elementalist) Turns: 33619, Time: 02:44:46

Health: -18/108    AC:  6    Str: 11    XL:     17   Next: 4%
Magic:  8/35       EV: 14    Int: 28    God:    Sif Muna [****..]
Gold:   2505       SH: 12    Dex: 13    Spells: 11/45 levels left

rFire    + + +     SeeInvis +   b - +7 falchion "Korphuam" {holy, rC+ rN+ MR+ Int-4}
rCold    x . .     Gourm    .   k - +2 buckler {rF+}
rNeg     + . .     Faith    .   U - +2 hat
rPois    .         Spirit   .   B - +4 amulet of reflection
rElec    .         Reflect  +   q - ring of stealth
rCorr    .         Harm     .   f - ring of fire
MR       ++...                  E - ring of fire
Stlth    +++++.....             h - +3 ring of protection
HPRegen  0.28/turn              O - +5 ring of intelligence
MPRegen  0.24/turn              V - ring of see invisible
                                N - +4 ring of intelligence
                                y - +3 ring of strength

@: studying Necromancy
A: almost no armour, stealthy swim, amphibious, 8 rings, constrict 8, camouflage
1, gelatinous body 1
a: Channel Magic, Forget Spell, Divine Exegesis, Renounce Religion


You were on level 3 of the Shoals.
You worshipped Sif Muna.
Sif Muna was greatly pleased with you.
You were very hungry.

You visited 5 branches of the dungeon, and saw 27 of its levels.
You also visited: Ossuary and Gauntlet.

You collected 2637 gold pieces.
You spent 132 gold pieces at shops.

Inventory:

Hand Weapons
 b - the +7 falchion "Korphuam" (weapon) {holy, rC+ rN+ MR+ Int-4}
   (You found it on level 11 of the Dungeon)

   It has been blessed by the Shining One to cause great damage to the undead
   and demons.
   It affects your intelligence (-4).
   It protects you from cold.
   It protects you from negative energy.
   It affects your resistance to hostile enchantments.
 s - a +4 demon trident of electrocution
Missiles
 w - 4 boomerangs of dispersal (quivered)
Armour
 e - a +2 shield of reflection
 g - a +1 hat of see invisible
 k - a +2 buckler of fire resistance (worn)
 U - a +2 hat (worn)
Magical Staves
 a - an uncursed staff of fire
Jewellery
 f - a ring of fire (right tentacle)
 h - a +3 ring of protection (on tentacle)
 q - a ring of stealth (left tentacle)
 y - a +3 ring of strength (on tentacle)
 B - a +4 amulet of reflection (around mantle)
 E - a ring of fire (on tentacle)
 N - a +4 ring of intelligence (on tentacle)
 O - a +5 ring of intelligence (on tentacle)
 V - a ring of see invisible (on tentacle)
Wands
 i - a wand of disintegration (9)
 R - a wand of iceblast (51)
 X - a wand of polymorph (4)
 Y - a wand of paralysis (26)
Scrolls
 c - 4 scrolls of fear
 j - 9 scrolls of teleportation
 n - 4 scrolls of immolation
 o - 8 scrolls of remove curse
 p - 6 scrolls of fog
 t - 2 scrolls of magic mapping
 u - a scroll of enchant armour
 Z - a scroll of holy word
Potions
 d - 7 potions of brilliance
 m - a potion of magic
 x - 5 potions of haste
 z - 2 potions of resistance
 A - 19 potions of curing
 D - 5 potions of ambrosia
 F - 3 potions of flight
 H - a potion of heal wounds
 K - a potion of invisibility
 L - 6 potions of agility
 Q - 5 potions of might
 W - a potion of cancellation
Books
 I - a manual of Necromancy
Miscellaneous
 C - a lamp of fire
 T - a phial of floods
Comestibles
 J - 34 rations


   Skills:
 - Level 7.2 Fighting
 - Level 2.4 Dodging
 - Level 2.6 Stealth
 + Level 7.2 Shields
 * Level 14.7 Spellcasting
 * Level 14.1 Conjurations
 - Level 5.0 Charms
 + Level 12.0 Fire Magic
 - Level 5.0 Air Magic
 - Level 10.0 Invocations
 - Level 10.0 Evocations


You had 11 spell levels left.
You knew the following spells:

 Your Spells              Type           Power        Failure   Level  Hunger
a - Foxfire               Conj/Fire      ####         0%          1    None
b - Conjure Flame         Conj/Fire      ########     1%          3    None
c - Sticky Flame          Conj/Fire      ########     1%          4    None
d - Fireball              Conj/Fire      ########..   1%          5    None
e - Iskenderun's Battles  Conj/Chrm      ######..     1%          5    None
f - Mephitic Cloud        Conj/Pois/Air  ######..     1%          3    None
g - Airstrike             Air            #####.....   3%          4    None
h - Orb of Destruction    Conj           #######...   6%          7    #####..
q - Blink                 Tloc           N/A          3%          2    None

Your spell library contained the following spells:

 Spells                   Type           Power        Failure   Level  Hunger
 Magic Dart               Conj           ####         0%          1    None
 Searing Ray              Conj           ######       0%          2    None
 Infusion                 Chrm           ####         1%          1    None
 Shock                    Conj/Air       ####         1%          1    None
 Corpse Rot               Necr/Air       N/A          1%          2    None
 Poisonous Vapours        Pois/Air       ####..       1%          2    None
 Shroud of Golubria       Chrm/Tloc      ####..       1%          2    None
 Song of Slaying          Chrm           #####...     1%          2    None
 Swiftness                Chrm/Air       #####...     1%          2    None
 Dazzling Flash           Conj/Hex       ######       1%          3    None
 Ignite Poison            Fire/Tmut/Pois #######.     1%          3    None
 Inner Flame              Hex/Fire       #######.     1%          3    None
 Static Discharge         Conj/Air       ######..     1%          3    None
 Stone Arrow              Conj/Erth      ######       1%          3    None
 Fulminant Prism          Conj/Hex       ######....   1%          4    None
 Hailstorm                Conj/Ice       ######..     1%          4    None
 Iskenderun's Mystic Bla  Conj/Tloc      ######..     1%          4    None
 Lightning Bolt           Conj/Air       ######....   1%          5    None
 Animate Skeleton         Necr           N/A          2%          1    None
 Apportation              Tloc           ###...       2%          1    None
 Corona                   Hex            ###....      2%          1    None
 Freeze                   Ice            ###.         2%          1    None
 Sandblast                Erth           ###...       2%          1    None
 Summon Butterflies       Summ           ###.....     2%          1    None
 Summon Small Mammal      Summ           ###.         2%          1    None
 Ozocubu's Armour         Chrm/Ice       ####....     2%          3    None
 Spectral Weapon          Hex/Chrm       ####....     2%          3    None
 Call Imp                 Summ           ###.....     3%          2    None
 Ensorcelled Hibernation  Hex/Ice        ###...       3%          2    None
 Passwall                 Tmut/Erth      ###.....     3%          2    None
 Confusing Touch          Hex            ###.....     8%          3    None
 Gell's Gravitas          Tloc           ###.......   8%          3    None
 Lesser Beckoning         Tloc           ###.......   8%          3    None
 Portal Projectile        Hex/Tloc       ###...       8%          3    None
 Spider Form              Tmut/Pois      ###.......   8%          3    None
 Summon Guardian Golem    Hex/Summ       ###.....     8%          3    None
 Teleport Other           Tloc           ###.....     8%          3    None
 Tukima's Dance           Hex            ###.....     8%          3    None
 Summon Lightning Spire   Summ/Air       ####....     9%          4    None
 Ice Form                 Ice/Tmut       ###.....     24%         4    None
 Olgreb's Toxic Radiance  Pois           ###.....     24%         4    None
 Passage of Golubria      Tloc           N/A          24%         4    None
 Petrify                  Tmut/Erth      ###.....     24%         4    None
 Summon Ice Beast         Ice/Summ       ###.....     24%         4    None
 Silence                  Hex/Air        ####......   24%         5    None
 Freezing Cloud           Conj/Ice/Air   ######....   26%         6    ####...
 Deflect Missiles         Chrm/Air       #####.....   43%         6    ####...
 Ring of Flames           Chrm/Fire      ########..   54%         7    #####..
 Alistair's Intoxication  Tmut/Pois      ###.....     56%         5    None
 Blade Hands              Tmut           ###.......   56%         5    None
 Lee's Rapid Deconstruct  Erth           ###.......   56%         5    None
 Metabolic Englaciation   Hex/Ice        ###.......   56%         5    None
 Summon Demon             Summ           ###.......   56%         5    None
 Summon Forest            Summ/Tloc      ###.......   56%         5    None
 Yara's Violent Unravell  Hex/Tmut       ###.......   56%         5    None
 Dispersal                Tloc           ###.......   98%         6    ####...
 Eringya's Noxious Bog    Tmut/Pois      ###.......   98%         6    ####...
 Ozocubu's Refrigeration  Ice            ###.......   98%         6    ####...
 Shadow Creatures         Summ           N/A          98%         6    ####...
 Simulacrum               Ice/Necr       ###.......   98%         6    ####...
 Dragon Form              Tmut           ###.......   100%        7    #####..
 Necromutation            Tmut/Necr      ###.......   100%        8    #######
 Tornado                  Air            #####.....   100%        9    #######


Dungeon Overview and Level Annotations

Branches:
Dungeon (15/15)            Temple (1/1) D:7            Lair (6/6) D:8
 Shoals (3/4) Lair:2       Spider (0/4) Lair:3        Slime (0/5) Lair:6
    Orc (2/2) D:10            Elf (0/3) Orc:2        Vaults (0/5) D:14
 Depths (0/5) D:15        Ossuary (visited)         Gauntlet (visited)

Altars:
Ashenzari
Cheibriados
Dithmenos
Elyvilon
Fedhas
Gozag
Hepliaklqana
Kikubaaqudgha
Makhleb
Nemelex Xobeh
Okawaru
Qazlal
Ru
Sif Muna
Trog
Uskayaw
Vehumet
Wu Jian
Xom
Yredelemnul
Zin
The Shining One
Jiyva

Shops:
D:8 [   D:14 %:   Orc:1 *   Orc:2 [}(!   Shoals:1 :

Annotations:
D:8 Gastronok
Shoals:3 3 runed translucent doors, Agyac's ghost, adept GrEE


Innate Abilities, Weirdness & Mutations

You cannot wear most types of armour.
You are very stealthy in the water. (Stealth+)
You are amphibious.
You can wear up to eight rings at the same time.
You can use your tentacles to constrict eight enemies at once.
Your skin changes colour to match your surroundings (Stealth+).
Your rubbery body absorbs attacks. (AC +1, EV +1)


Message History

Your squeeze misses the tentacle.
The tentacle is moderately wounded.
Casting: Orb of Destruction (slightly dangerous; 6% risk of failure)
Confirm with . or Enter, or press ? or * to list all spells.
Aiming: Orb of Destruction (slightly dangerous; 6% risk of failure)
Press: ? - help, Shift-Dir - straight line, f/p - kraken
Aim: a kraken (water, severely wounded)
The wavering orb of destruction weakly hits the kraken!!
The kraken is severely wounded.
You are feeling very hungry.
The tentacle misses you.
You riposte.
You hit the tentacle. You squeeze the tentacle.
The tentacle is lightly wounded.
The tentacle barely misses you. The tentacle closely misses you.
The kraken squirts a massive cloud of ink into the water!
Something slaps your battlesphere. The tentacle barely misses you.
The tentacle slaps you. The tentacle slaps you!!
* * * LOW HITPOINT WARNING * * *
The kraken bites you!!!
You die...

#≈≈≈≈≈≈≈≈....≈≈.#########)
#≈≈≈≈≈≈≈≈≈...≈≈.....≈≈PP≈)
#≈≈≈≈≈≈≈≈≈≈≈≈≈≈≈.≈≈≈≈≈≈≈≈≈
#≈≈≈≈≈≈≈≈≈≈≈≈≈≈≈..≈≈≈P≈≈≈P
#≈≈≈≈≈≈≈≈≈≈≈≈≈...≈P≈P≈≈(≈≈
#≈≈≈≈≈≈≈≈≈≈≈≈≈...≈≈≈≈≈≈≈≈≈
#≈≈≈≈≈≈≈§≈≈≈≈≈≈≈.≈≈≈≈≈≈≈≈≈
#≈≈≈≈≈≈*§§w§≈≈≈≈≈≈≈≈≈≈≈≈≈≈
#≈≈≈≈≈w§§@§§≈≈≈≈≈≈≈≈≈≈≈≈≈≈
#≈≈≈≈≈≈§wXw§≈≈≈≈≈≈≈≈≈≈≈≈≈≈
#≈≈≈≈≈≈§§§§§≈≈≈≈≈≈≈≈≈≈≈≈≈≈
#≈≈≈≈≈≈≈≈≈≈≈≈≈≈≈≈≈≈≈≈≈≈≈≈≈
#≈≈≈≈≈≈≈≈≈≈≈≈≈≈≈≈≈≈≈≈≈≈≈≈≈
#≈≈≈≈≈≈≈≈≈≈≈≈≈≈≈≈≈≈≈≈≈≈≈≈≈
#≈≈≈≈≈≈≈≈≈≈≈≈≈≈≈≈≈≈≈≈≈≈≈≈≈
#≈≈≈≈≈≈≈≈≈≈≈≈≈≈≈≈≈≈≈≈≈≈≈≈≈
#≈≈≈≈≈≈≈≈≈≈≈≈≈≈≈≈≈≈≈≈≈≈≈≈≈


You could see a kraken, 3 tentacles and a friendly battlesphere.

Vanquished Creatures
  Rupert (D:13)
  Jorgrun (D:14)
  Donald (Orc:2)
  The ghost of qipq the Impaler, a journeyman MfAK of Lugonu (Shoals:1)
  The ghost of Vierph the Geomancer, a journeyman GrEE of Vehumet (D:15)
  A minotaur (Gauntlet)
  Snorg (D:13)
  3 merfolk impalers
  A yaktaur captain (D:15)
  Josephine (D:11)
  A vault guard (D:14)
  6 hydras
  3 catoblepae (Lair:6)
  Erolcha (Orc:2)
  2 centaur warriors
  A merfolk avatar (Shoals:2)
  8 two-headed ogres
  A merfolk aquamancer (Shoals:3)
  A queen ant (Gauntlet)
  9 death yaks (Lair:6)
  3 orc high priests (Orc:2)
  2 fire crabs (Shoals:1)
  4 wizards
  2 unseen horrors
  7 sea snakes
  4 lindwurms (Lair:6)
  6 orc knights
  Pikel (D:6)
  14 harpies
  A harpy (shapeshifter) (D:14)
  5 orc sorcerers
  3 deep elf magi (D:14)
  10 manticores
  9 fauns
  6 cyclopes
  6 merfolk sirens
  6 black mambas
  19 elephants
  An ice statue (D:14)
  2 water nymphs
  A torpor snail (Lair:5)
  8 spiny frogs
  An efreet (D:15)
  2 rime drakes
  A freezing wraith (D:15)
  2 yaktaurs
  7 komodo dragons
  A queen bee (Lair:1)
  14 merfolk
  11 trolls
  3 wind drakes
  9 hippogriffs
  A hornet (D:11)
  8 blink frogs
  7 dream sheep (Shoals:1)
  2 snapping turtles
  Sigmund (D:6)
  10 water elementals
  A spriggan (D:7)
  3 wyverns
  3 redbacks (Lair:3)
  5 wraiths
  56 yaks
  2 fire bats (Shoals:1)
  9 vampire mosquitoes
  A steam dragon (D:7)
  5 hungry ghosts
  Menkaure (D:6)
  2 wargs
  8 soldier ants
  2 acid dragons
  11 water moccasins
  10 porcupines
  28 orc warriors
  9 sky beasts
  A slave (D:6)
  A black bear (D:9)
  3 hornet zombies
  6 ice beasts
  A necrophage (D:10)
  A phantom (D:5)
  An eye of draining (D:12)
  12 wolves
  7 ogres
  4 centaurs
  14 crocodiles
  3 big kobolds
  17 bullfrogs
  3 gnoll sergeants
  A wyvern zombie (D:10)
  6 scorpions
  27 killer bees
  4 wights (D:14)
  An electric eel (Lair:3)
  6 howler monkeys
  5 crimson imps
  4 bullfrog zombies
  2 hounds
  4 centaur zombies
  7 jellies
  23 orc priests
  4 centaur skeletons
  4 gnoll shamans (D:3)
  4 iguanas
  21 orc wizards
  9 worker ants
  A killer bee zombie (Ossuary)
  3 hound zombies
  15 mummies (Ossuary)
  2 worker ant zombies (Ossuary)
  17 adders
  47 gnolls
  4 shadow imps
  4 white imps (Gauntlet)
  3 oozes
  An adder skeleton (D:4)
  5 adder zombies
  A worm (D:5)
  6 dart slugs
  4 leopard geckos
  70 orcs
  6 giant cockroaches
  13 goblins
  8 hobgoblins
  24 jackals
  4 quokkas
  2 ball pythons (D:4)
  12 bats
  4 frilled lizards
  A giant cockroach zombie (D:5)
  A jackal zombie (Ossuary)
  20 kobolds
  2 leopard gecko zombies
  2 quokka skeletons
  2 quokka zombies (Ossuary)
  15 rats
  8 butterflies (D:8)
  5 fungi
  7 plants
926 creatures vanquished.

Vanquished Creatures (others)
  A cyclops (Shoals:1)
  An electric eel (D:15)
  3 orcs (Orc:1)
  1480 foxfires
  15 fungi
  20 plants
  2 withered plants (Ossuary)
1522 creatures vanquished.

Grand Total: 2448 creatures vanquished

Notes
Turn   | Place    | Note
-------+----------+-------------------------------------------
     0 | D:1      | DerDa the Octopode Fire Elementalist began the quest for
                  | the Orb.
     0 | D:1      | Reached XP level 1. HP: 11/11 MP: 3/3
   259 | D:1      | Reached XP level 2. HP: 4/17 MP: 1/5
   668 | D:1      | Reached XP level 3. HP: 13/21 MP: 0/6
   993 | D:2      | Found a stormy altar of Qazlal.
  1189 | D:2      | Reached XP level 4. HP: 27/27 MP: 6/8
  1438 | D:2      | Reached skill level 1 in Shields
  1694 | D:2      | Learned a level 3 spell: Conjure Flame
  1699 | D:2      | Learned a level 4 spell: Sticky Flame
  2105 | D:3      | Reached XP level 5. HP: 31/31 MP: 1/10
  2642 | D:3      | Reached XP level 6. HP: 31/36 MP: 5/11
  3094 | D:3      | Learned a level 5 spell: Fireball
  3441 | D:3      | Reached XP level 7. HP: 28/41 MP: 8/13
  4011 | D:3      | Reached skill level 5 in Spellcasting
  4319 | D:3      | Reached XP level 8. HP: 40/46 MP: 8/15
  4717 | D:4      | Reached skill level 5 in Fire Magic
  5176 | D:5      | Entered Level 5 of the Dungeon
  5314 | D:5      | Found an iron altar of Okawaru.
  5315 | D:5      | Found a sacrificial altar of Ru.
  5324 | D:5      | Found an ornate altar of the Wu Jian Council.
  5324 | D:5      | Found a bloodstained altar of Trog.
  5901 | D:6      | Noticed Pikel
  5919 | D:6      | Killed Pikel
  5919 | D:6      | Reached skill level 5 in Conjurations
  5919 | D:6      | Reached XP level 9. HP: 36/51 MP: 6/19
  6108 | D:6      | Noticed Menkaure
  6122 | D:6      | Killed Menkaure
  6294 | D:6      | Found a shadowy altar of Dithmenos.
  6409 | D:6      | Noticed Sigmund
  6546 | D:6      | Killed Sigmund
  7335 | D:7      | Reached XP level 10. HP: 56/56 MP: 16/22
  7780 | D:7      | Found a staircase to the Ecumenical Temple.
  7787 | Temple   | Entered the Ecumenical Temple
  7843 | Temple   | Became a worshipper of Sif Muna the Loreminder
  7995 | D:7      | Found an opulent altar of Gozag.
  7995 | D:7      | Found a hazy altar of Hepliaklqana.
  8065 | D:8      | Found Zut Ehal's Armour Shop.
  8109 | D:8      | Found a sand-covered staircase.
  8114 | Ossuary  | Entered an ossuary
  8387 | Ossuary  | Reached * piety under Sif Muna
  8787 | D:8      | Found a staircase to the Lair.
  8904 | D:8      | Noticed Gastronok
  9023 | D:8      | Found a runed translucent door.
  9024 | D:8      | Found a runed translucent door.
  9284 | Lair:1   | Entered Level 1 of the Lair of Beasts
  9398 | Lair:1   | Found a gate leading to a gauntlet.
  9409 | Gauntlet | Entered a Gauntlet
  9409 | Gauntlet | Found a transporter.
  9420 | Gauntlet | Found a transporter.
  9425 | Gauntlet | Noticed a wizard
  9428 | Gauntlet | Found a transporter.
  9430 | Gauntlet | Found a transporter.
  9434 | Gauntlet | Found a runed translucent door.
  9435 | Gauntlet | Noticed a wizard
  9436 | Gauntlet | Found a runed translucent door.
  9436 | Gauntlet | Noticed a wizard
  9438 | Gauntlet | Found a transporter.
  9460 | Gauntlet | Found a transporter.
  9470 | Gauntlet | Found a transporter.
  9477 | Gauntlet | Noticed a blizzard demon
  9478 | Gauntlet | Noticed a fire crab
  9480 | Gauntlet | Found a transporter.
  9501 | Gauntlet | Found a transporter.
  9514 | Gauntlet | Found a runed translucent gate.
  9515 | Gauntlet | Found a transporter.
  9515 | Gauntlet | Found a runed translucent gate.
  9515 | Gauntlet | Found a transporter.
  9518 | Gauntlet | Noticed a smoke demon
  9522 | Gauntlet | Noticed a queen ant
  9525 | Gauntlet | Found a transporter.
  9608 | Gauntlet | Killed a queen ant
  9608 | Gauntlet | Reached skill level 1 in Fighting
  9608 | Gauntlet | Reached skill level 1 in Invocations
  9608 | Gauntlet | Reached skill level 1 in Evocations
  9617 | Gauntlet | Reached ** piety under Sif Muna
  9633 | Gauntlet | Reached skill level 10 in Spellcasting
  9772 | Gauntlet | Killed a wizard
  9772 | Gauntlet | Reached XP level 11. HP: 51/64 MP: 15/25
  9773 | Gauntlet | Found a transporter.
  9776 | Gauntlet | Noticed a thrashing horror
  9803 | Gauntlet | Killed a wizard
  9810 | Gauntlet | Killed a wizard
 10084 | Gauntlet | Noticed a minotaur
 10089 | Gauntlet | Killed a minotaur
 10241 | Gauntlet | Identified Bian's Guide on Torrid Protection
 10511 | Lair:1   | Learned a level 5 spell: Iskenderun's Battlesphere
 10829 | Lair:1   | Reached skill level 1 in Charms
 11259 | Lair:2   | Reached *** piety under Sif Muna
 11435 | Lair:2   | Found a staircase to the Shoals.
 11489 | Lair:2   | Reached XP level 12. HP: 74/74 MP: 18/26
 11988 | Lair:2   | Noticed a four-headed hydra
 11992 | Lair:2   | Killed a four-headed hydra
 12433 | Lair:3   | Reached **** piety under Sif Muna
 12601 | Lair:3   | Reached skill level 5 in Invocations
 12601 | Lair:3   | Reached skill level 5 in Evocations
 12801 | Lair:3   | Noticed a four-headed hydra
 12806 | Lair:3   | Killed a four-headed hydra
 13073 | Lair:3   | Found a hole to the Spider Nest.
 13092 | Lair:3   | Noticed a six-headed hydra
 13112 | Lair:3   | Killed a six-headed hydra
 13741 | Lair:4   | Reached skill level 5 in Fighting
 13759 | Lair:4   | Noticed a six-headed hydra
 13761 | Lair:4   | Killed a six-headed hydra
 13761 | Lair:4   | Reached skill level 10 in Conjurations
 14156 | Lair:4   | Reached XP level 13. HP: 81/81 MP: 25/28
 16286 | Lair:6   | Entered Level 6 of the Lair of Beasts
 16302 | Lair:6   | Reached skill level 5 in Charms
 16422 | Lair:6   | Reached skill level 10 in Fire Magic
 16754 | Lair:6   | Learned a level 3 spell: Mephitic Cloud
 16757 | Lair:6   | Learned a level 2 spell: Blink
 16985 | Lair:6   | Reached ***** piety under Sif Muna
 17280 | Lair:6   | Reached XP level 14. HP: 90/90 MP: 14/30
 17284 | Lair:6   | Identified Sif Muna's Reference Book on Destructive Calling
                  | (Sif Muna gifted it to you on level 6 of the Lair of
                  | Beasts)
 17284 | Lair:6   | Received a gift from Sif Muna
 18689 | Lair:6   | Found a viscous altar of Jiyva.
 18689 | Lair:6   | Found a staircase to the Slime Pits.
 19255 | Lair:6   | Identified the Almanac of Weightlessness and Summoning
 19691 | D:9      | Found a glowing silver altar of Zin.
 19692 | D:9      | Noticed an angel
 19917 | D:10     | Entered Level 10 of the Dungeon
 19973 | D:10     | Learned a level 4 spell: Airstrike
 20268 | D:10     | Found a staircase to the Orcish Mines.
 20795 | D:11     | Got an encrusted falchion
 20870 | D:11     | Noticed Josephine
 20875 | D:11     | Killed Josephine
 20881 | D:11     | Identified Sif Muna's Grimoire of Contamination (Sif Muna
                  | gifted it to you on level 11 of the Dungeon)
 20881 | D:11     | Received a gift from Sif Muna
 21193 | D:11     | Reached skill level 1 in Air Magic
 21786 | D:12     | Identified the +7 falchion "Korphuam" {holy, rC+ rN+ MR+
                  | Int-4} (You found it on level 11 of the Dungeon)
 22522 | D:13     | Noticed Snorg
 22567 | D:13     | Killed Snorg
 22567 | D:13     | Reached XP level 15. HP: 97/97 MP: 17/32
 23149 | D:13     | Noticed Rupert
 23157 | D:13     | Paralysed by Rupert for 2 turns
 23159 | D:13     | Killed Rupert
 23732 | D:14     | Found Siroicw's Food Emporium.
 23868 | D:14     | Noticed Jorgrun
 23880 | D:14     | Killed Jorgrun
 23918 | D:14     | Reached skill level 5 in Shields
 23927 | D:14     | Learned a level 7 spell: Orb of Destruction
 24236 | D:14     | Found Cixtarch's Book Emporium.
 24453 | D:14     | Identified Sif Muna's Grimoire of Flight (Sif Muna gifted
                  | it to you on level 14 of the Dungeon)
 24453 | D:14     | Received a gift from Sif Muna
 24686 | D:14     | Found a gate to the Vaults.
 24917 | D:14     | Identified the +7 long sword "Jokuzuo" {slice, *Noise rN+
                  | Str+2 Int+2}
 24999 | D:14     | Identified the Compendium of Frigorific Transformation
 25080 | D:15     | Entered Level 15 of the Dungeon
 25417 | D:15     | Found a staircase to the Depths.
 25486 | D:15     | Found a runed translucent gate.
 25486 | D:15     | Found a runed translucent gate.
 25486 | D:15     | Found a runed translucent gate.
 25488 | D:15     | Noticed Vierph's ghost (journeyman GrEE)
 26100 | D:15     | Killed Vierph's ghost
 26233 | Orc:1    | Entered Level 1 of the Orcish Mines
 26457 | Orc:1    | Found Huloc's General Store.
 26458 | Orc:1    | You fall into a shaft and drop 1 floor!
 26458 | Orc:2    | Entered Level 2 of the Orcish Mines
 26459 | Orc:2    | Noticed Donald
 26481 | Orc:2    | Noticed Erolcha
 26681 | Orc:1    | Bought a potion of might for 44 gold pieces
 26681 | Orc:1    | Bought a scroll of identify for 22 gold pieces
 26681 | Orc:1    | Bought 2 potions of curing for 66 gold pieces
 27049 | Orc:1    | Identified Gum Zusi's Almanac of the Three Places (Sif Muna
                  | gifted it to you on level 1 of the Orcish Mines)
 27049 | Orc:1    | Received a gift from Sif Muna
 27627 | Orc:2    | Killed Erolcha
 27627 | Orc:2    | Reached XP level 16. HP: 102/103 MP: 22/34
 27953 | Orc:2    | Found a staircase to the Elven Halls.
 27974 | Orc:2    | Killed Donald
 28140 | Orc:2    | Found Plog's Distillery.
 28921 | Orc:2    | Found Yblam's Armour Shop.
 28922 | Orc:2    | Found Weuz's Weapon Shoppe.
 28922 | Orc:2    | Found Mat Siod's Gadget Shoppe.
 29269 | Shoals:1 | Entered Level 1 of the Shoals
 30414 | Shoals:1 | Reached skill level 5 in Air Magic
 30615 | Shoals:1 | Identified Sif Muna's Tome of Spatial Transformation (Sif
                  | Muna gifted it to you on level 1 of the Shoals)
 30615 | Shoals:1 | Received a gift from Sif Muna
 30771 | Shoals:1 | Found Pobid's Book Shoppe.
 30901 | Shoals:1 | Found a runed translucent door.
 30902 | Shoals:1 | Noticed qipq's ghost (journeyman MfAK)
 30917 | Shoals:1 | Killed qipq's ghost
 30927 | Shoals:1 | Got a shimmering lajatang
 32335 | Shoals:2 | Reached skill level 10 in Invocations
 32722 | Shoals:3 | Found a runed translucent gate.
 32722 | Shoals:3 | Found a runed translucent gate.
 32722 | Shoals:3 | Found a runed translucent gate.
 32728 | Shoals:3 | Noticed Agyac's ghost (adept GrEE)
 32737 | Shoals:3 | Noticed a kraken
 33160 | Shoals:3 | Reached skill level 10 in Evocations
 33164 | Shoals:3 | Reached XP level 17. HP: 108/108 MP: 26/35
 33619 | Shoals:3 | Demolished by a kraken

Levels and vault maps discovered:
D:1:      zaba_arrival_water, layout_rooms
D:2:      kennysheep_big_flooded_room, layout_basic, first_ration,
          nicolae_qazlal_general_emergency
D:3:      lemuel_castle_with_subvaults [lemuel_castle_interior_carwin_3],
          layout_basic, kennysheep_generic_room_4
D:4:      layout_basic
D:5:      layout_basic, grunt_temple_overflow_open
D:6:      layout_basic, grunt_dithmenos_smoke, uniq_pikel, uniq_menkaure,
          uniq_sigmund
D:7:      layout_basic, gammafunk_temple_overflow_elements,
          minmay_temple_entry_enclosed_plants, the_bakery
D:8:      lemuel_insect_pit, layout_basic, dpeg_oklobed_lair, serial_shops,
          shop, enter_ossuary_5, bh_walls_and_bars, uniq_gastronok
D:9:      layout_rooms, zin_angel
D:10:     layout_loops_cross, orc_0_dummy, minmay_fractal_squares_diagonal_5
D:11:     layout_stronghold, minivault_1, hangedman_decor_push, uniq_josephine
D:12:     lemuel_ice_spiral_2, layout_rooms, grunt_ministairs_11
D:13:     layout_roguey, uniq_snorg, uniq_rupert
D:14:     layout_loops_ring, david_vaults_5, serial_shops, nicolae_shop_crystal,
          shop_statue, minmay_misc_feat_alley, minivault_15, minivault_11,
          uniq_jorgrun
D:15:     grunt_enter_depths_snipers, layout_cave_pools,
          chequers_serial_rivers_large_a, ebering_ghost_rock_garden,
          fungi_pond_lemuel
Temple:   zaba_magenta_temple
Lair:1:   layout_hall_layers, gauntlet_entry_generic, special_room
          [special_room_bee]
Lair:2:   beast_lair_carwin_large_2, layout_long_grid,
          minmay_shoals_entry_lonely_mermaid
Lair:3:   layout_concentric_octagons, spider_nest_entry_webs,
          serial_bayou_ford_a, chequers_serial_rivers_marsh,
          chequers_serial_rivers_small_b, st_stairs_4, grunt_megastairs_1
Lair:4:   layout_misc_corridors, minivault_27
Lair:5:   layout_regular_city
Lair:6:   evilmike_catoblepas_cave, layout_loops_ring,
          dpeg_slime_entry_enclosed_altar, minmay_lindwurm_lava
Shoals:1: layout_shoals, serial_shops, shop, ebering_ghost_reflecting_pool,
          hangedman_shoal_volcano
Shoals:2: layout_shoals
Shoals:3: layout_shoals, gammafunk_ghost_necromancy, yaktaur_hedge
Orc:1:    layout_diamond_mine, enter_bailey_3, serial_shops,
          nicolae_shop_competitors_out_of_business, mines_bat_river
Orc:2:    st_orc_elflike, layout_caves, uniq_erolcha, uniq_donald

Skill      XL: |  1  2  3  4  5  6  7  8  9 10 11 12 13 14 15 16 |
---------------+-------------------------------------------------+-----
Spellcasting   | 3 4 5 7 8 10 11 12 13 14 | 14.7
Shields        | 1 2 3 4 5 7 |  7.2
Conjurations   | 2 3 5 6 7 8 10 11 12 13 14 | 14.1
Fire Magic     | 4 6 7 8 9 10 11 12 | 12.0
Fighting       | 2 3 5 6 7 |  7.2
Invocations    | 2 4 5 6 8 9 10 | 10.0
Evocations     | 2 4 5 6 8 9 10 | 10.0
Charms         | 2 4 5 |  5.0
Air Magic      | 1 4 5 |  5.0
Dodging        | |  2.4
Stealth        | |  2.6

Action                   |  1- 3 |  4- 6 |  7- 9 | 10-12 | 13-15 | 16-18 || total
-------------------------+-------+-------+-------+-------+-------+-------++-------
Melee: Unarmed           |     9 |       |       |       |       |       ||     9
       Constrict         |     8 |    12 |     6 |    13 |    26 |     6 ||    71
       Club              |    18 |       |       |       |       |       ||    18
       Tentacles         |     2 |     2 |     3 |     7 |    24 |    10 ||    48
       Short sword       |       |     6 |       |       |       |       ||     6
       Staff             |       |    23 |     2 |    38 |    38 |       ||   101
       Flail             |       |    10 |     6 |       |       |       ||    16
       Spear             |       |       |     7 |       |       |       ||     7
       Demon blade       |       |       |       |     7 |    29 |       ||    36
       Falchion          |       |       |       |       |    69 |    33 ||   102
 Cast: Foxfire           |    43 |   117 |   248 |   274 |   188 |    33 ||   903
       Sticky Flame      |       |     3 |    19 |    75 |   121 |     5 ||   223
       Fireball          |       |       |     2 |    42 |   172 |   129 ||   345
       Iskenderun's Batt |       |       |       |     1 |    55 |    16 ||    72
       Airstrike         |       |       |       |       |    42 |    14 ||    56
       Mephitic Cloud    |       |       |       |       |     1 |       ||     1
       Orb of Destructio |       |       |       |       |     7 |    24 ||    31
       Blink             |       |       |       |       |       |     1 ||     1
Invok: Channel Magic     |       |       |       |     1 |    10 |     6 ||    17
  Use: Potion            |       |     1 |       |     6 |     5 |     3 ||    15
       Scroll            |       |       |    10 |    12 |    16 |     3 ||    41
 Stab: Sleeping          |       |       |       |       |     2 |       ||     2
  Eat: Chunk             |     1 |     8 |    15 |    21 |    45 |    19 ||   109
       Ration            |       |       |       |     3 |     3 |     2 ||     8
Armor: Skin              |     4 |     8 |     1 |    20 |    60 |     6 ||    99
Dodge: Dodged            |    39 |    44 |    33 |    58 |   170 |    46 ||   390
Block: Buckler           |       |     2 |    16 |    68 |   146 |    41 ||   273
       Reflection        |       |       |     1 |       |    13 |     9 ||    23
       Rpst.: Demon blade |       |       |       |     2 |     5 |       ||     7
       Falchion          |       |       |       |       |    18 |     9 ||    27

Table legend:
 A = Non-vault XP
 B = Vault XP
 C = Vault XP percentage of total XP
 D = Non-vault monster count
 E = Vault monster count
 F = Vault count percentage of total count
                 A         B        C        D         E       F
            +---------+---------+-------+---------+---------+-------
      Total |  121004 |   62940 |  34.2 |     656 |     253 |  27.8
            +---------+---------+-------+---------+---------+-------
        D:1 |      42 |       0 |   0.0 |      22 |       0 |   0.0
        D:2 |      95 |       3 |   3.1 |      25 |       2 |   7.4
        D:3 |     353 |     761 |  68.3 |      42 |      54 |  56.2
        D:4 |     217 |       0 |   0.0 |      21 |       0 |   0.0
        D:5 |     513 |       0 |   0.0 |      19 |       0 |   0.0
        D:6 |     442 |    1058 |  70.5 |       9 |       3 |  25.0
        D:7 |    1438 |     215 |  13.0 |      27 |       1 |   3.6
        D:8 |     823 |     194 |  19.1 |      10 |       6 |  37.5
        D:9 |    1876 |       0 |   0.0 |      24 |       0 |   0.0
       D:10 |    1237 |     295 |  19.3 |      18 |       7 |  28.0
       D:11 |    3104 |    1662 |  34.9 |      31 |       4 |  11.4
       D:12 |    2513 |      86 |   3.3 |      15 |       4 |  21.1
       D:13 |    3754 |    3981 |  51.5 |      28 |       2 |   6.7
       D:14 |    7185 |    9682 |  57.4 |      23 |      14 |  37.8
       D:15 |    5911 |    3720 |  38.6 |      23 |       4 |  14.8
     Lair:1 |    1915 |    1236 |  39.2 |      12 |      16 |  57.1
     Lair:2 |    5883 |    1220 |  17.2 |      27 |       7 |  20.6
     Lair:3 |    6098 |    1194 |  16.4 |      22 |       7 |  24.1
     Lair:4 |    5653 |       0 |   0.0 |      16 |       0 |   0.0
     Lair:5 |    8691 |       0 |   0.0 |      33 |       0 |   0.0
     Lair:6 |   15678 |   14262 |  47.6 |      44 |      27 |  38.0
   Shoals:1 |   16838 |    5730 |  25.4 |      35 |      11 |  23.9
   Shoals:2 |   12132 |       0 |   0.0 |      22 |       0 |   0.0
   Shoals:3 |    8751 |     355 |   3.9 |      21 |       1 |   4.5
      Orc:1 |    7588 |      25 |   0.3 |      61 |      11 |  15.3
      Orc:2 |    2274 |   11390 |  83.4 |      26 |      27 |  50.9
    Ossuary |       0 |     657 | 100.0 |       0 |      29 | 100.0
   Gauntlet |       0 |    5214 | 100.0 |       0 |      16 | 100.0
            +---------+---------+-------+---------+---------+-------
